 Dungeon Crawl Stone Soup version 0.25-b1-39-g0d900dab71 (webtiles) character file.

Game seed: 5166781167525357016

120 gruber the Conjurer (level 4, -4/33 HPs)
             Began as a Draconian Conjurer on June 7, 2020.
             Slain by a centaur (7 damage)
             ... on level 3 of the Dungeon.
             The game lasted 00:02:53 (2913 turns).

gruber the Conjurer (Draconian Conjurer)            Turns: 2913, Time: 00:02:54

Health: -4/33      AC:  5    Str: 11    XL:     4   Next: 75%
Magic:  0/8        EV: 12    Int: 16    God:
Gold:   133        SH:  0    Dex: 11    Spells: 5/8 levels left

rFire    . . .     SeeInvis .   c - +0 short sword
rCold    . . .     Gourm    .   (no shield)
rNeg     . . .     Faith    .   (armour unavailable)
rPois    .         Spirit   .   (helmet restricted)
rElec    .         Reflect  .   (no cloak)
rCorr    .         Harm     .   (no gloves)
MR       .....                  (no boots)
Stlth    ++........             (no amulet)
HPRegen  0.11/turn              (no ring)
MPRegen  0.11/turn              (no ring)

@: no status effects
A: unfitting armour, cold-blooded, AC +5
a: no special abilities


You were on level 3 of the Dungeon.
You were not hungry.

You visited 1 branch of the dungeon, and saw 3 of its levels.

You collected 133 gold pieces.

Inventory:

Hand Weapons
 c - a +0 short sword (weapon)
Missiles
 i - 2 javelins (quivered)
Scrolls
 e - 4 scrolls of identify {unknown}
 j - a scroll of blinking {unknown}
 l - a scroll of teleportation {unknown}
 m - a scroll of remove curse {unknown}
Potions
 a - a potion of heal wounds {unknown}
 d - 2 potions of degeneration {unknown}
 f - a potion of flight {unknown}
 g - a potion of berserk rage {unknown}
 h - a potion of lignification {unknown}
 k - 2 potions of curing {unknown}
Comestibles
 b - 2 rations
 n - a chunk of flesh


   Skills:
 - Level 1.7 Dodging
 - Level 1.7 Stealth
 + Level 2.6 Spellcasting
 + Level 5.8 Conjurations


You had 5 spell levels left.
You knew the following spells:

 Your Spells              Type           Power        Failure   Level  Hunger
a - Magic Dart            Conj           ###.         1%          1    #......
b - Searing Ray           Conj           ###...       2%          2    ##.....

Your spell library contained the following spells:

 Spells                   Type           Power        Failure   Level  Hunger
 Dazzling Flash           Conj/Hex       ##....       17%         3    ###....
 Fulminant Prism          Conj/Hex       ##........   50%         4    #####..
 Iskenderun's Mystic Bla  Conj/Tloc      ##......     50%         4    #####..


Dungeon Overview and Level Annotations

Branches:
Dungeon (3/15)

Altars:


Innate Abilities, Weirdness & Mutations

Your plain brown scales are hard. (AC +5)
You cannot fit into any form of body armour.
You are cold-blooded and may be slowed by cold attacks.


Message History

The centaur is heavily wounded.
The centaur barely misses you. The centaur hits you.
* * * LOW HITPOINT WARNING * * *
Casting: Magic Dart (safe; 1% risk of failure)
Confirm with . or Enter, or press ? or * to list all spells.
Aiming: Magic Dart (safe; 1% risk of failure)
Press: ? - help, Shift-Dir - straight line, f/p - centaur
Aim: a centaur, quivering 14 arrows (heavily wounded)
The magic dart hits the centaur!
The centaur is almost dead.
The centaur closely misses you.
Unknown command.
Unknown command.
You barely miss the centaur.
The centaur is almost dead.
The centaur misses you. The centaur barely misses you.
You hit the centaur.
The centaur is almost dead.
The centaur hits you!
You die...

#.#...##.##.... ##
#........##.... # .# .
..###..#####.... .. .#
#.# #..# ##... .. .#
#..###..######... #. .#
#............## #.#b
#.#...######.##
#wgc###....## #.#
#@..###..# #.#
#.#.###..#### #.##
...###...##......###.#.
........รท.....###.......
...###.........###.....
.....................
######........####..##
##...............
#.......##.....#


You could see a centaur, a worm, a goblin and a bat.

Vanquished Creatures
  A bullfrog skeleton (D:2)
  3 adders
  2 oozes (D:1)
  A worm (D:2)
  2 dart slugs (D:2)
  A ball python (D:1)
  3 giant cockroaches
  2 goblins (D:2)
  9 hobgoblins
  6 jackals
  A quokka (D:2)
  7 bats
  A frilled lizard (D:1)
  4 kobolds
  3 rats
46 creatures vanquished.

Notes
Turn   | Place    | Note
-------+----------+-------------------------------------------
     0 | D:1      | gruber the Draconian Conjurer began the quest for the Orb.
     0 | D:1      | Reached XP level 1. HP: 14/14 MP: 3/3
     0 | D:1      | Noticed an octopode
     7 | D:1      | Noticed a draconian
     8 | D:1      | Noticed an octopode
    16 | D:1      | Noticed an elf
   380 | D:1      | Reached XP level 2. HP: 10/20 MP: 0/5
  1419 | D:2      | Reached XP level 3. HP: 10/26 MP: 1/6
  1680 | D:2      | Reached skill level 5 in Conjurations
  2193 | D:2      | Learned a level 2 spell: Searing Ray
  2241 | D:2      | Reached XP level 4. HP: 30/33 MP: 0/7
  2896 | D:3      | Noticed a centaur
  2913 | D:3      | Slain by a centaur

Illustrated notes

Levels and vault maps discovered:
D:1:      shiori_arrival_whats_in_store_for_you, layout_basic
D:2:      layout_basic
D:3:      layout_rooms, nicolae_overflow_hidden_temple, minmay_starry_boxes

Skill      XL: |  1  2  3 |
---------------+----------+-----
Conjurations   | 5 |  5.8
Dodging        | |  1.7
Stealth        | |  1.7
Spellcasting   | |  2.6

Action                   |  1- 3 |  4- 6 || total
-------------------------+-------+-------++-------
Melee: Unarmed           |     9 |       ||     9
       Short sword       |    68 |    32 ||   100
       Tailslap          |     9 |     2 ||    11
 Cast: Magic Dart        |    46 |    13 ||    59
       Searing Ray       |     1 |     2 ||     3
  Eat: Chunk             |     5 |     2 ||     7
Armor: Skin              |    31 |    14 ||    45
Dodge: Dodged            |    56 |    31 ||    87
